 Dungeon Crawl Stone Soup version 0.22-a0-358-g7563fe7 (webtiles) character file.

224 grindst0ne the Skirmisher (level 6, -3/50 HPs)
             Began as a Formicid Abyssal Knight on Apr 18, 2018.
             Was a Believer of Lugonu.
             Slain by a worm (8 damage)
             ... on level 3 of the Dungeon.
             The game lasted 00:04:28 (3013 turns).

grindst0ne the Skirmisher (Formicid Abyssal Knight) Turns: 3013, Time: 00:04:28

Health: -3/50      AC:  4    Str: 16    XL:     6   Next: 20%
Magic:  9/9        EV: 11    Int: 14    God:    Lugonu [**....]
Gold:   119        SH:  0    Dex: 12    Spells: 5/5 levels left

rFire    + . .     SeeInvis +   a - +1 falchion
rCold    + + .     Gourm    .   (no shield)
rNeg     . . .     Faith    .   b - +0 leather armour
rPois    +         Spirit   .   (helmet unavailable)
rElec    +         Reflect  .   k - +0 cloak
rCorr    +         Harm     .   (no gloves)
MR       .....                  (no boots)
Stlth    +.........             (no amulet)
HPRegen  0.16/turn              (no ring)
MPRegen  0.11/turn              (no ring)

@: resistant
A: permanent stasis, dig shafts and tunnels, four strong arms, antennae 3, claws
1, agile 1, cold resistance 1, screaming 1
a: Dig, Shaft Self, Depart the Abyss, Bend Space, Renounce Religion


You were on level 3 of the Dungeon.
You worshipped Lugonu.
Lugonu was pleased with you.
You were not hungry.

You visited 1 branch of the dungeon, and saw 3 of its levels.
You visited the Abyss 1 time.

You collected 119 gold pieces.

Inventory:

Hand Weapons
 a - a +1 falchion (weapon)
Missiles
 i - 4 tomahawks (quivered)
Armour
 b - a +0 leather armour (worn)
 k - a +0 cloak (worn)
Scrolls
 e - 3 scrolls of magic mapping {unknown}
 g - a scroll of identify {unknown}
 h - 4 scrolls of teleportation {unknown}
 l - a scroll of random uselessness {unknown}
 n - 3 scrolls of remove curse {unknown}
Comestibles
 c - 4 rations
 m - 8 chunks of flesh


   Skills:
 + Level 4.9 Fighting
 + Level 3.7 Long Blades
 - Level 2.1 Armour
 - Level 0.8 Dodging
 + Level 4.4 Invocations


You had 5 spell levels left.
You didn't know any spells.

Dungeon Overview and Level Annotations

Branches:
Dungeon (3/15)

Altars:
Elyvilon


Innate Abilities, Weirdness & Mutations

You cannot be hasted, slowed, berserked, paralysed or teleported.
You can dig through walls and to a lower floor.
Your four strong arms can wield two-handed weapons with a shield.
You have a pair of large antennae on your head. (SInv)
You have sharp fingernails.
You are agile. (Dex +2)
Your flesh is cold resistant. (rC+)
You occasionally shout uncontrollably at your foes.


Message History

The orc priest calls down the wrath of Beogh upon you.
Beogh smites you!
* * * LOW HITPOINT WARNING * * *
It was a potion of mutation.
You feel extremely strange.
You feel the urge to shout.
You feel agile.
You feel resistant to cold.
Your fingernails lengthen.
The orc priest hits you but does no damage.
You slash the orc priest!
You kill the orc priest!
Lugonu accepts your kill.
You hit the worm.
The worm is lightly wounded.
It was a potion of resistance.
You feel protected. The worm bites you.
* * * LOW HITPOINT WARNING * * *
You hit the worm.
The worm is lightly wounded.
The worm bites you!
You die...

....#.....#.### #
#.............. #
....#.....#.###. #
#####.......# #
####.#### # #.# #
#.# # #{ ###.# ## #.
#. ##@#.# #.# ##.
.#..#.#
#w##.###.#.....
.......####.#......#
.............#######
w#..##.#####.# #.
#.# #. #.# #. ... .?
...


You could see a worm.

Vanquished Creatures
  2 orc priests (D:3)
  2 orc wizards
  An adder (D:2)
  A worm (D:2)
  5 dart slugs
  A leopard gecko (D:2)
  9 orcs
  5 giant cockroaches
  11 goblins
  9 hobgoblins
  2 jackals (D:1)
  7 kobolds
  2 quokkas (D:2)
  A ball python (D:1)
  11 bats
  4 frilled lizards (D:2)
  6 rats
79 creatures vanquished.

Notes
Turn   | Place    | Note
-------+----------+-------------------------------------------
     0 | Abyss:1  | grindst0ne the Formicid Abyssal Knight began the quest for the Orb.
     0 | Abyss:1  | Reached XP level 1. HP: 18/18 MP: 2/2
   158 | Abyss:1  | Noticed a tentacled starspawn
   158 | D:1      | Escaped the Abyss
   336 | D:1      | Reached XP level 2. HP: 23/24 MP: 3/3
   531 | D:1      | Reached XP level 3. HP: 30/30 MP: 5/5
   573 | D:1      | Reached * piety under Lugonu
  1308 | D:2      | Reached XP level 4. HP: 21/37 MP: 6/6
  1978 | D:2      | Reached XP level 5. HP: 35/43 MP: 7/7
  2000 | D:2      | Found a white marble altar of Elyvilon.
  2620 | D:2      | Reached ** piety under Lugonu
  2906 | D:3      | Reached XP level 6. HP: 21/50 MP: 9/9
  3009 | D:3      | Gained mutation: You occasionally shout uncontrollably at your foes. [potion of mutation]
  3009 | D:3      | Gained mutation: You are agile. (Dex +2) [potion of mutation]
  3009 | D:3      | Gained mutation: Your flesh is cold resistant. (rC+) [potion of mutation]
  3009 | D:3      | Gained mutation: You have sharp fingernails. [potion of mutation]
  3013 | D:3      | Slain by a worm

Vault maps used:
D:1:      dpeg_arrival_circle_labyrinth_c, minmay_pentomino_z4
D:2:      old_standard_altar, grunt_ministairs_9
D:3:      gup_sewer_entry_bowl
Abyss:1:  small_statue_intersection

Skill      XL: |  1  2  3  4  5 |
---------------+----------------+-----
Invocations    | 3 4 |  4.4
Fighting       | 4 |  4.9
Long Blades    | 3 |  3.7
Armour         | |  2.1
Dodging        | |  0.8

Action                   |  1- 3 |  4- 6 || total
-------------------------+-------+-------++-------
Melee: Falchion          |    90 |   169 ||   259
Invok: Depart the Abyss  |     1 |       ||     1
 Abil: Dig               |       |     1 ||     1
  Use: Potion            |       |     4 ||     4
  Eat: Chunk             |     1 |     6 ||     7
Armor: Leather armour    |    27 |    60 ||    87
       Skin              |       |    15 ||    15
Dodge: Dodged            |    62 |   100 ||   162
       Rpst.: Falchion   |    20 |    31 ||    51

Table legend:
 A = Spawn XP
 B = Non-spawn XP
 C = Spawn XP percentage of total XP
 D = Spawn monster count
 E = Non-spawn monster count
 F = Spawn count percentage of total count
 G = Total turns spent on level
                    A         B        C        D         E        F      G
               +---------+---------+-------+---------+---------+-------+---------
         Total |       0 |     320 |   0.0 |       0 |      79 |   0.0 |  3013
               +---------+---------+-------+---------+---------+-------+---------
           D:1 |       0 |      61 |   0.0 |       0 |      32 |   0.0 |  1548
           D:2 |       0 |     114 |   0.0 |       0 |      35 |   0.0 |  1124
           D:3 |       0 |     145 |   0.0 |       0 |      12 |   0.0 |   183
               +---------+---------+-------+---------+---------+-------+---------
